 Dungeon Crawl Stone Soup version 0.18-a0-1577-gf591c28 (webtiles) character file.

207 namelastname112 the Slasher (level 5, -1/46 HPs)
             Began as a Draconian Chaos Knight on Mar 19, 2016.
             Slain by an orc
             ... wielding a +0 whip
              (3 damage)
             ... on level 3 of the Dungeon.
             The game lasted 00:05:24 (2997 turns).

namelastname112 the Slasher (DrCK)                  Turns: 2997, Time: 00:05:25

Health: -1/46      AC:  5    Str: 11 (14) XL:     5   Next: 54%
Magic:  4/5        EV: 12    Int: 12 (13) God:    Xom [......]
Gold:   189        SH:  0    Dex: 10 (11) Spells: 0 memorised, 4 levels left

rFire  . . .     SeeInvis .     a - +0 falchion (chaos)
rCold  . . .     Gourm    .     (armour unavailable)
rNeg   . . .     Faith    .     (no shield)
rPois  .         Spirit   .     (helmet restricted)
rElec  .         Dismiss  .     (no cloak)
rCorr  .         Reflect  .     (no gloves)
SustAt .         Harm     .     (no boots)
MR     .....                    (no amulet)
Stlth  +.........               (no ring)
                                d - ring of flight

@: lethally poisoned (-1 -> -3), very slightly contaminated, hasted, invisible,
very quick, not resistant to hostile enchantments, very unstealthy
A: unfitting armour, cold-blooded, AC +5
a: Renounce Religion, Evoke Flight


You were on level 3 of the Dungeon.
You worshipped Xom.
You were a very special plaything of Xom.
You were hungry.

You visited 1 branch of the dungeon, and saw 3 of its levels.

You collected 189 gold pieces.

Inventory:

Hand Weapons
 a - a +0 falchion of chaos (weapon)
Jewellery
 d - a ring of flight (left hand)
Wands
 p - a wand of paralysis (8/24)
Scrolls
 c - 3 scrolls of amnesia {unknown}
 e - 5 scrolls of identify {unknown}
 f - 2 scrolls of fear {unknown}
 j - 2 scrolls of enchant armour {unknown}
 l - 2 scrolls of blinking {unknown}
 n - a scroll of magic mapping {unknown}
 o - 2 scrolls of remove curse {unknown}
 q - a scroll of random uselessness {unknown}
Potions
 m - a potion of cure mutation
Comestibles
 b - 2 bread rations
 h - 2 slices of pizza
 i - a meat ration


   Skills:
 + Level 4.2 Fighting
 * Level 5.0 Long Blades
 + Level 3.3 Dodging


You had 4 spell levels left.
You didn't know any spells.

Dungeon Overview and Level Annotations

Branches:
Dungeon (3/15)

Altars:
Nemelex Xobeh
Qazlal
Sif Muna


Innate Abilities, Weirdness & Mutations

Your plain brown scales are hard (AC +5).
Your body does not fit into most forms of armour.
You are cold-blooded and may be slowed by cold attacks.


Message History

You see here 2 gold pieces.
* * * LOW HITPOINT WARNING * * *
You feel sick.
Drink which item? (? for menu, Esc to quit)
It was a potion of cure mutation.
It has a very clean taste.
Your talons dull and shrink into feet.
Your vision sharpens.
You feel more energetic.
* * * LOW HITPOINT WARNING * * *
You feel sick. The orc hits you but does no damage.
Drink which item? (? for menu, Esc to quit)
It was a potion of invisibility.
You fade into invisibility!
The orc barely misses you.
You are very lightly contaminated with residual magic.
Drink which item? (? for menu, Esc to quit)
It was a potion of haste.
You feel yourself speed up.
* * * LOW HITPOINT WARNING * * *
You feel sick.
The orc throws a tomahawk.
The tomahawk hits the worm.
The orc hits you with a whip.
You die...

..... ### ##...#.
..... ... .......
...... #.# ######.
......### #.# #.
......(.## #.# ##
#(.####># ##
##o$(##<# #########.
###w.#.##
###.........
##o@..###...########
###...##†### #
#.#..#.# ##
#..#.#.### .#
##.#.....# #.#
#†.(.##.### #...
##..†###...###.##
##..#.#####.†##.#
##############..##..#
##..#.##


You could see a worm and 2 orcs.

Vanquished Creatures
  An orc priest (D:3)
  9 adders
  3 worms
  3 dart slugs
  4 orcs (D:3)
  A ball python (D:3)
  9 bats
  5 giant cockroaches
  A goblin (D:1)
  12 hobgoblins
  6 jackals
  7 kobolds
  4 quokkas
  4 giant newts
  6 rats
  A rat (shapeshifter) (D:3)
76 creatures vanquished.

Vanquished Creatures (collateral kills)
  3 orcs (D:3)
  A jackal (D:1)
4 creatures vanquished.

Grand Total: 80 creatures vanquished

Notes
Turn   | Place    | Note
--------------------------------------------------------------
     0 | D:1      | namelastname112 the Draconian Chaos Knight began the quest for the Orb.
     0 | D:1      | Reached XP level 1. HP: 19/19 MP: 1/1
    63 | D:1      | XOM: butterfly on damage
   125 | D:1      | Reached XP level 2. HP: 13/26 MP: 2/2
   137 | D:1      | XOM: cast spell 'Call Canine Familiar'
   964 | D:1      | Reached XP level 3. HP: 22/31 MP: 3/3
  1076 | D:2      | Reached skill level 4 in Long Blades
  1119 | D:2      | XOM: harmless Hex miscast
  1239 | D:2      | Found a stormy altar of Qazlal.
  1355 | D:2      | Reached XP level 4. HP: 12/38 MP: 4/4
  1389 | D:2      | XOM: divination: detect items
  1691 | D:2      | XOM: cast spell 'Dragon Form'
  1741 | D:2      | Found a sparkling altar of Nemelex Xobeh.
  2046 | D:3      | XOM: butterfly on damage
  2049 | D:3      | XOM: cast spell 'Olgreb's Toxic Radiance'
  2057 | D:3      | Gained mutation: Your magical capacity is low (-10% MP). [potion of mutation]
  2057 | D:3      | Gained mutation: Scrolls take you a little longer to read. [potion of mutation]
  2057 | D:3      | Gained mutation: You have sharp toenails. [potion of mutation]
  2064 | D:3      | XOM: potion effect (berserk rage)
  2226 | D:3      | XOM: noise
  2231 | D:3      | Reached XP level 5. HP: 24/46 MP: 4/4
  2484 | D:3      | XOM: cast spell 'Call Canine Familiar'
  2541 | D:3      | XOM: stat loss: -1 Str (10/14)
  2846 | D:3      | Found a deep blue altar of Sif Muna.
  2983 | D:3      | Reached skill level 5 in Long Blades
  2995 | D:3      | Lost mutation: You have sharp toenails. [potion of cure mutation]
  2995 | D:3      | Lost mutation: Scrolls take you a little longer to read. [potion of cure mutation]
  2995 | D:3      | Lost mutation: Your magical capacity is low (-10% MP). [potion of cure mutation]
  2997 | D:3      | HP: 2/46 [poisoned by an adder]
  2997 | D:3      | Slain by an orc

Vault maps used:
D:1:      evilmike_arrival_run_for_it
D:2:      grunt_qazlal_sundering, nemelex_diamond_rough_becter
D:3:      lemuel_doored_altar

Skill      XL: |  1  2  3  4  5 |
---------------+----------------+-----
Long Blades    | 4 5 |  5.0
Fighting       | 4 |  4.2
Dodging        | 3 |  3.3

Action                   |  1- 3 |  4- 6 || total
-------------------------+-------+-------++-------
Melee: Falchion          |   128 |   152 ||   280
       Unarmed           |       |     1 ||     1
  Use: Potion            |       |     6 ||     6
 Stab: Paralysed         |     2 |     4 ||     6
       Petrifying        |       |     1 ||     1
       Sleeping          |       |     1 ||     1
  Eat: Chunk             |     1 |     6 ||     7
